Workbook

Sheet Facturas
A1: nombre | B1: telefono | C1: email | D1: saldo | E1: estatus | F1: folio_factura | G1: fecha_de_emision | H1: dias_de_credito | I1: fecha_de_vencimiento | J1: importe | K1: cobrado | L1: dias_vencida | M1: tramo | N1: metodo_de_pago
A2: Constructora Robles | B2: +52 55 0000 0051 | C2: pagos@robles.com | D2: =IF(F2="","",MAX(0,N(J2)-N(K2))) | E2: activo | F2: A-1041 | G2: 46254 | H2: 30 | I2: =IF(OR(G2="",H2=""),"",G2+H2) | J2: 46400 | K2: =IF(F2="","",SUMIF(Cobros!$B$2:$B$3000,F2,Cobros!$C$2:$C$3000)) | L2: =IF(OR(F2="",N(D2)=0,I2=""),"",MAX(0,TODAY()-I2)) | M2: =IF(F2="","",IF(N(D2)=0,"cobrada",IF(N(L2)=0,"al corriente",IF(L2<=30,"1 a 30",IF(L2<=60,"31 a 60",IF(L2<=90,"61 a 90","más de 90")))))) | N2: PPD
A3: Hotel Las Palmas | B3: +52 55 0000 0052 | C3: cxp@laspalmas.com | D3: =IF(F3="","",MAX(0,N(J3)-N(K3))) | E3: vencido | F3: A-1032 | G3: 46218 | H3: 30 | I3: =IF(OR(G3="",H3=""),"",G3+H3) | J3: 18560 | K3: =IF(F3="","",SUMIF(Cobros!$B$2:$B$3000,F3,Cobros!$C$2:$C$3000)) | L3: =IF(OR(F3="",N(D3)=0,I3=""),"",MAX(0,TODAY()-I3)) | M3: =IF(F3="","",IF(N(D3)=0,"cobrada",IF(N(L3)=0,"al corriente",IF(L3<=30,"1 a 30",IF(L3<=60,"31 a 60",IF(L3<=90,"61 a 90","más de 90")))))) | N3: PPD
A4: Clínica Santa Fe | B4: +52 55 0000 0053 | D4: =IF(F4="","",MAX(0,N(J4)-N(K4))) | E4: activo | F4: A-1055 | G4: 46290 | H4: 15 | I4: =IF(OR(G4="",H4=""),"",G4+H4) | J4: 9280 | K4: =IF(F4="","",SUMIF(Cobros!$B$2:$B$3000,F4,Cobros!$C$2:$C$3000)) | L4: =IF(OR(F4="",N(D4)=0,I4=""),"",MAX(0,TODAY()-I4)) | M4: =IF(F4="","",IF(N(D4)=0,"cobrada",IF(N(L4)=0,"al corriente",IF(L4<=30,"1 a 30",IF(L4<=60,"31 a 60",IF(L4<=90,"61 a 90","más de 90")))))) | N4: PUE
A5: Colegio Arboleda | B5: +52 55 0000 0054 | C5: admon@arboleda.edu | D5: =IF(F5="","",MAX(0,N(J5)-N(K5))) | E5: activo | F5: A-1060 | G5: 46297 | H5: 30 | I5: =IF(OR(G5="",H5=""),"",G5+H5) | J5: 23200 | K5: =IF(F5="","",SUMIF(Cobros!$B$2:$B$3000,F5,Cobros!$C$2:$C$3000)) | L5: =IF(OR(F5="",N(D5)=0,I5=""),"",MAX(0,TODAY()-I5)) | M5: =IF(F5="","",IF(N(D5)=0,"cobrada",IF(N(L5)=0,"al corriente",IF(L5<=30,"1 a 30",IF(L5<=60,"31 a 60",IF(L5<=90,"61 a 90","más de 90")))))) | N5: PPD
D6: =IF(F6="","",MAX(0,N(J6)-N(K6))) | I6: =IF(OR(G6="",H6=""),"",G6+H6) | K6: =IF(F6="","",SUMIF(Cobros!$B$2:$B$3000,F6,Cobros!$C$2:$C$3000)) | L6: =IF(OR(F6="",N(D6)=0,I6=""),"",MAX(0,TODAY()-I6)) | M6: =IF(F6="","",IF(N(D6)=0,"cobrada",IF(N(L6)=0,"al corriente",IF(L6<=30,"1 a 30",IF(L6<=60,"31 a 60",IF(L6<=90,"61 a 90","más de 90"))))))
D7: =IF(F7="","",MAX(0,N(J7)-N(K7))) | I7: =IF(OR(G7="",H7=""),"",G7+H7) | K7: =IF(F7="","",SUMIF(Cobros!$B$2:$B$3000,F7,Cobros!$C$2:$C$3000)) | L7: =IF(OR(F7="",N(D7)=0,I7=""),"",MAX(0,TODAY()-I7)) | M7: =IF(F7="","",IF(N(D7)=0,"cobrada",IF(N(L7)=0,"al corriente",IF(L7<=30,"1 a 30",IF(L7<=60,"31 a 60",IF(L7<=90,"61 a 90","más de 90"))))))
D8: =IF(F8="","",MAX(0,N(J8)-N(K8))) | I8: =IF(OR(G8="",H8=""),"",G8+H8) | K8: =IF(F8="","",SUMIF(Cobros!$B$2:$B$3000,F8,Cobros!$C$2:$C$3000)) | L8: =IF(OR(F8="",N(D8)=0,I8=""),"",MAX(0,TODAY()-I8)) | M8: =IF(F8="","",IF(N(D8)=0,"cobrada",IF(N(L8)=0,"al corriente",IF(L8<=30,"1 a 30",IF(L8<=60,"31 a 60",IF(L8<=90,"61 a 90","más de 90"))))))
D9: =IF(F9="","",MAX(0,N(J9)-N(K9))) | I9: =IF(OR(G9="",H9=""),"",G9+H9) | K9: =IF(F9="","",SUMIF(Cobros!$B$2:$B$3000,F9,Cobros!$C$2:$C$3000)) | L9: =IF(OR(F9="",N(D9)=0,I9=""),"",MAX(0,TODAY()-I9)) | M9: =IF(F9="","",IF(N(D9)=0,"cobrada",IF(N(L9)=0,"al corriente",IF(L9<=30,"1 a 30",IF(L9<=60,"31 a 60",IF(L9<=90,"61 a 90","más de 90"))))))
D10: =IF(F10="","",MAX(0,N(J10)-N(K10))) | I10: =IF(OR(G10="",H10=""),"",G10+H10) | K10: =IF(F10="","",SUMIF(Cobros!$B$2:$B$3000,F10,Cobros!$C$2:$C$3000)) | L10: =IF(OR(F10="",N(D10)=0,I10=""),"",MAX(0,TODAY()-I10)) | M10: =IF(F10="","",IF(N(D10)=0,"cobrada",IF(N(L10)=0,"al corriente",IF(L10<=30,"1 a 30",IF(L10<=60,"31 a 60",IF(L10<=90,"61 a 90","más de 90"))))))
D11: =IF(F11="","",MAX(0,N(J11)-N(K11))) | I11: =IF(OR(G11="",H11=""),"",G11+H11) | K11: =IF(F11="","",SUMIF(Cobros!$B$2:$B$3000,F11,Cobros!$C$2:$C$3000)) | L11: =IF(OR(F11="",N(D11)=0,I11=""),"",MAX(0,TODAY()-I11)) | M11: =IF(F11="","",IF(N(D11)=0,"cobrada",IF(N(L11)=0,"al corriente",IF(L11<=30,"1 a 30",IF(L11<=60,"31 a 60",IF(L11<=90,"61 a 90","más de 90"))))))
D12: =IF(F12="","",MAX(0,N(J12)-N(K12))) | I12: =IF(OR(G12="",H12=""),"",G12+H12) | K12: =IF(F12="","",SUMIF(Cobros!$B$2:$B$3000,F12,Cobros!$C$2:$C$3000)) | L12: =IF(OR(F12="",N(D12)=0,I12=""),"",MAX(0,TODAY()-I12)) | M12: =IF(F12="","",IF(N(D12)=0,"cobrada",IF(N(L12)=0,"al corriente",IF(L12<=30,"1 a 30",IF(L12<=60,"31 a 60",IF(L12<=90,"61 a 90","más de 90"))))))
D13: =IF(F13="","",MAX(0,N(J13)-N(K13))) | I13: =IF(OR(G13="",H13=""),"",G13+H13) | K13: =IF(F13="","",SUMIF(Cobros!$B$2:$B$3000,F13,Cobros!$C$2:$C$3000)) | L13: =IF(OR(F13="",N(D13)=0,I13=""),"",MAX(0,TODAY()-I13)) | M13: =IF(F13="","",IF(N(D13)=0,"cobrada",IF(N(L13)=0,"al corriente",IF(L13<=30,"1 a 30",IF(L13<=60,"31 a 60",IF(L13<=90,"61 a 90","más de 90"))))))
D14: =IF(F14="","",MAX(0,N(J14)-N(K14))) | I14: =IF(OR(G14="",H14=""),"",G14+H14) | K14: =IF(F14="","",SUMIF(Cobros!$B$2:$B$3000,F14,Cobros!$C$2:$C$3000)) | L14: =IF(OR(F14="",N(D14)=0,I14=""),"",MAX(0,TODAY()-I14)) | M14: =IF(F14="","",IF(N(D14)=0,"cobrada",IF(N(L14)=0,"al corriente",IF(L14<=30,"1 a 30",IF(L14<=60,"31 a 60",IF(L14<=90,"61 a 90","más de 90"))))))
D15: =IF(F15="","",MAX(0,N(J15)-N(K15))) | I15: =IF(OR(G15="",H15=""),"",G15+H15) | K15: =IF(F15="","",SUMIF(Cobros!$B$2:$B$3000,F15,Cobros!$C$2:$C$3000)) | L15: =IF(OR(F15="",N(D15)=0,I15=""),"",MAX(0,TODAY()-I15)) | M15: =IF(F15="","",IF(N(D15)=0,"cobrada",IF(N(L15)=0,"al corriente",IF(L15<=30,"1 a 30",IF(L15<=60,"31 a 60",IF(L15<=90,"61 a 90","más de 90"))))))
D16: =IF(F16="","",MAX(0,N(J16)-N(K16))) | I16: =IF(OR(G16="",H16=""),"",G16+H16) | K16: =IF(F16="","",SUMIF(Cobros!$B$2:$B$3000,F16,Cobros!$C$2:$C$3000)) | L16: =IF(OR(F16="",N(D16)=0,I16=""),"",MAX(0,TODAY()-I16)) | M16: =IF(F16="","",IF(N(D16)=0,"cobrada",IF(N(L16)=0,"al corriente",IF(L16<=30,"1 a 30",IF(L16<=60,"31 a 60",IF(L16<=90,"61 a 90","más de 90"))))))
D17: =IF(F17="","",MAX(0,N(J17)-N(K17))) | I17: =IF(OR(G17="",H17=""),"",G17+H17) | K17: =IF(F17="","",SUMIF(Cobros!$B$2:$B$3000,F17,Cobros!$C$2:$C$3000)) | L17: =IF(OR(F17="",N(D17)=0,I17=""),"",MAX(0,TODAY()-I17)) | M17: =IF(F17="","",IF(N(D17)=0,"cobrada",IF(N(L17)=0,"al corriente",IF(L17<=30,"1 a 30",IF(L17<=60,"31 a 60",IF(L17<=90,"61 a 90","más de 90"))))))
... D301: =IF(F301="","",MAX(0,N(J301)-N(K301))) | I301: =IF(OR(G301="",H301=""),"",G301+H301) | K301: =IF(F301="","",SUMIF(Cobros!$B$2:$B$3000,F301,Cobros!$C$2:$C$3000)) | L301: =IF(OR(F301="",N(D301)=0,I301=""),"",MAX(0,TODAY()-I301)) | M301: =IF(F301="","",IF(N(D301)=0,"cobrada",IF(N(L301)=0,"al corriente",IF(L301<=30,"1 a 30",IF(L301<=60,"31 a 60",IF(L301<=90,"61 a 90","más de 90"))))))

Sheet Cobros
A1: fecha | B1: folio_factura | C1: monto | D1: forma_de_pago | E1: complemento_de_pago
A2: 46283 | B2: A-1041 | C2: 23200 | D2: transferencia | E2: emitido
A3: 46301 | B3: A-1041 | C3: 11600 | D3: transferencia | E3: pendiente
A4: 46295 | B4: A-1055 | C4: 9280 | D4: transferencia | E4: no aplica

Sheet Resumen
A1: Cuentas por cobrar por tramo
A2: Se calcula solo con la pestaña Facturas.
A4: Tramo | B4: Saldo | C4: Facturas
A5: al corriente | B5: =SUMIF(Facturas!$M$2:$M$301,A5,Facturas!$D$2:$D$301) | C5: =COUNTIF(Facturas!$M$2:$M$301,A5)
A6: 1 a 30 | B6: =SUMIF(Facturas!$M$2:$M$301,A6,Facturas!$D$2:$D$301) | C6: =COUNTIF(Facturas!$M$2:$M$301,A6)
A7: 31 a 60 | B7: =SUMIF(Facturas!$M$2:$M$301,A7,Facturas!$D$2:$D$301) | C7: =COUNTIF(Facturas!$M$2:$M$301,A7)
A8: 61 a 90 | B8: =SUMIF(Facturas!$M$2:$M$301,A8,Facturas!$D$2:$D$301) | C8: =COUNTIF(Facturas!$M$2:$M$301,A8)
A9: más de 90 | B9: =SUMIF(Facturas!$M$2:$M$301,A9,Facturas!$D$2:$D$301) | C9: =COUNTIF(Facturas!$M$2:$M$301,A9)
A10: Total por cobrar | B10: =SUM(B5:B9)
A12: Cobros sin complemento de pago emitido | B12: =COUNTIF(Cobros!$E$2:$E$3000,"pendiente")

Sheet Cómo se usa
A1: Cómo se usa esta hoja
A3: Las cuentas por cobrar son lo que tus clientes te deben por facturas que ya emitiste a crédito.
A4: Esta hoja es el registro: una fila por factura y, aparte, cada cobro que la va pagando.
A6: Facturas: el folio, la fecha de emisión y los días de crédito pactados. La fecha de vencimiento
A7: sale sola. Lo cobrado se suma solo desde la pestaña Cobros, por folio. Un cliente con cinco
A8: facturas lleva cinco filas: cada una vence en su fecha.
A10: Cobros: cada pago que entra, con el folio que paga. Si la factura es PPD, cada cobro pide su
A11: complemento de pago; la columna dice cuáles faltan y el resumen los cuenta.
A13: Los días vencida se cuentan desde la fecha de vencimiento, no desde la emisión. El tramo
A14: (al corriente, 1 a 30, 31 a 60, 61 a 90, más de 90) es el de la antigüedad de saldos, y la
A15: pestaña Resumen lo suma.
A17: Las cinco primeras columnas son las que lee Makatea: con la hoja en CSV, cada cliente recibe
... A20: Makatea recuerda, registra y comunica. No mueve dinero.
